 Dungeon Crawl Stone Soup version 0.23-a0-310-gdcc7a32 (webtiles) character file.

244674 Garbasso the Warrior (level 18, -10/160 HPs)
             Began as a Minotaur Monk on Oct 12, 2018.
             Was the Champion of Hepliaklqana.
             Splashed by an acid blob's acid (12 damage)
             ... on level 5 of the Pits of Slime.
             The game lasted 02:21:42 (37940 turns).

Garbasso the Warrior (Minotaur Monk)               Turns: 37940, Time: 02:21:43

Health: -10/160    AC: 30    Str: 25    XL:     18   Next: 74%
Magic:  24/24      EV: 32    Int:  7    God:    Hepliaklqana [******]
Gold:   2634       SH: 19    Dex: 12    Spells: 17/17 levels left

rFire    . . .     SeeInvis .   a - +2 demon trident (elec)
rCold    . . .     Gourm    .   q - +5 shield {AC+3}
rNeg     . . .     Faith    .   r - +1 crystal plate armour
rPois    +         Spirit   .   (helmet restricted)
rElec    .         Reflect  .   d - scarf {repulsion}
rCorr    .         Harm     .   V - +2 pair of gloves of Ikein {+Blink MR+ Stlth+}
MR       ++...                  Y - +2 pair of boots {Stlth+}
Stlth    ..........             O - amulet of the acrobat
HPRegen  0.00/turn              n - +5 ring of evasion
MPRegen  0.19/turn              t - ring of poison resistance

@: corroded, very slightly contaminated, invisible, repel missiles
A: retaliatory headbutt, reduced essence, horns 2, inhibited regeneration
}: 2/15 runes: serpentine, barnacled
a: Recall Ancestor, Ancestor Identity, Transference, Idealise, Renounce
Religion, Evoke Blink


You were on level 5 of the Pits of Slime.
You worshipped Hepliaklqana.
Hepliaklqana was exalted by your worship.
You were not hungry.

You visited 7 branches of the dungeon, and saw 37 of its levels.
You also visited: Labyrinth and Sewer.

You collected 2634 gold pieces.

Inventory:

Hand Weapons
 a - a +2 demon trident of electrocution (weapon)
Missiles
 g - 3 throwing nets (quivered)
Armour
 d - a scarf of repulsion (worn)
 q - a +5 shield of protection (worn)
 r - a +1 crystal plate armour (worn)
 V - the +2 pair of gloves of Ikein (worn) {+Blink MR+ Stlth+}
   (You found it on level 3 of the Snake Pit)

   It affects your resistance to hostile enchantments.
   It lets you blink.
   It makes you more stealthy.
 Y - a +2 pair of boots of stealth (worn)
Jewellery
 b - a cursed ring of positive energy
 l - an uncursed ring of protection from magic
 n - a +5 ring of evasion (left hand)
 t - a ring of poison resistance (right hand)
 y - an uncursed ring of ice
 L - the ring "Baecaelo" {Wiz rElec}
   (You found it on level 12 of the Dungeon)

   [ring of wizardry]

   It improves your spell success rate.
   It insulates you from electricity.
 O - an amulet of the acrobat (around neck)
 T - an uncursed ring of positive energy
 X - an uncursed ring of see invisible
Wands
 i - a wand of polymorph (15)
 v - a wand of acid (6)
 C - a wand of digging (5)
 G - a wand of flame (69)
 J - a wand of disintegration (29)
 M - a wand of enslavement (19)
 N - a wand of iceblast (11)
Scrolls
 f - 2 scrolls of silence
 h - 18 scrolls of teleportation
 j - 3 scrolls of enchant armour
 o - 4 scrolls of magic mapping
 p - 4 scrolls of fog
 u - 2 scrolls of blinking
 w - 7 scrolls of fear
 x - a scroll of amnesia
 z - 20 scrolls of remove curse
 F - 3 scrolls of immolation
 R - 10 scrolls of identify
Potions
 m - 9 potions of curing
 s - 2 potions of magic
 A - 7 potions of mutation
 B - 4 potions of heal wounds
 D - 4 potions of agility
 E - 4 potions of haste
 H - 4 potions of lignification
 I - 4 potions of ambrosia
 K - 5 potions of flight
 S - a potion of berserk rage
 U - a potion of invisibility
Miscellaneous
 e - 4 phantom mirrors
 k - a phial of floods
Comestibles
 c - 40 rations


   Skills:
 + Level 20.0 Fighting
 - Level 14.0 Polearms
 + Level 19.3 Armour
 + Level 14.2 Dodging
 - Level 1.5 Stealth
 - Level 15.0 Shields
 - Level 10.0 Invocations
 + Level 6.4 Evocations


You had 17 spell levels left.
You didn't know any spells.
Your spell library contained the following spells:

 Spells                   Type           Power        Failure   Level  Hunger
 Animate Skeleton         Necr           N/A          100%        1    ##.....
 Beastly Appendage        Tmut           #.....       100%        1    ##.....
 Flame Tongue             Conj/Fire      #....        100%        1    ##.....
 Magic Dart               Conj           #...         100%        1    ##.....
 Blink                    Tloc           N/A          100%        2    ###....
 Call Imp                 Summ           #.......     100%        2    ###....
 Passwall                 Tmut/Erth      #.......     100%        2    ###....
 Slow                     Hex            #.......     100%        2    ###....
 Sticks to Snakes         Tmut           #.......     100%        2    ###....
 Sublimation of Blood     Necr           #.........   100%        2    ###....
 Throw Flame              Conj/Fire      #.....       100%        2    ###....
 Conjure Flame            Conj/Fire      #.......     100%        3    ####...
 Ignite Poison            Fire/Tmut/Pois #.......     100%        3    ####...
 Inner Flame              Hex/Fire       #.......     100%        3    ####...
 Mephitic Cloud           Conj/Pois/Air  #.......     100%        3    ####...
 Recall                   Summ/Tloc      N/A          100%        3    ####...
 Spider Form              Tmut/Pois      #.........   100%        3    ####...
 Cause Fear               Hex            #.........   100%        4    #####..
 Ice Form                 Ice/Tmut       #.......     100%        4    #####..
 Leda's Liquefaction      Hex/Erth       #.........   100%        4    #####..
 Petrify                  Tmut/Erth      #.......     100%        4    #####..
 Sticky Flame             Conj/Fire      #.......     100%        4    #####..
 Alistair's Intoxication  Tmut/Pois      #.......     100%        5    ######.
 Aura of Abjuration       Summ           #.........   100%        5    ######.
 Blade Hands              Tmut           #.........   100%        5    ######.
 Bolt of Draining         Conj/Necr      #.........   100%        5    ######.
 Bolt of Magma            Conj/Fire/Erth #.........   100%        5    ######.
 Fireball                 Conj/Fire      #.........   100%        5    ######.
 Irradiate                Conj/Tmut      #.........   100%        5    ######.
 Iskenderun's Battlesphe  Conj/Chrm      #.......     100%        5    ######.
 Lightning Bolt           Conj/Air       #.........   100%        5    ######.
 Metabolic Englaciation   Hex/Ice        #.........   100%        5    ######.
 Silence                  Hex/Air        #.........   100%        5    ######.
 Summon Demon             Summ           #.........   100%        5    ######.
 Summon Forest            Summ/Tloc      #.........   100%        5    ######.
 Summon Mana Viper        Hex/Summ       #.......     100%        5    ######.
 Venom Bolt               Conj/Pois      #.........   100%        5    ######.
 Yara's Violent Unravell  Hex/Tmut       #.........   100%        5    ######.
 Bolt of Cold             Conj/Ice       #.........   100%        6    #######
 Deflect Missiles         Chrm/Air       #.........   100%        6    #######
 Freezing Cloud           Conj/Ice/Air   #.........   100%        6    #######
 Hydra Form               Tmut           #.........   100%        6    #######
 Iron Shot                Conj/Erth      #.........   100%        6    #######
 Ozocubu's Refrigeration  Ice            #.........   100%        6    #######
 Shadow Creatures         Summ           N/A          100%        6    #######
 Simulacrum               Ice/Necr       #.........   100%        6    #######
 Statue Form              Tmut/Erth      #........    100%        6    #######
 Dragon Form              Tmut           #.........   100%        7    #######
 Orb of Destruction       Conj           #.........   100%        7    #######
 Spellforged Servitor     Conj/Summ      #.........   100%        7    #######
 Discord                  Hex            #.........   100%        8    #######
 Shatter                  Erth           #.........   100%        9    #######


Dungeon Overview and Level Annotations

Branches:
Dungeon (15/15)            Temple (1/1) D:4            Lair (6/6) D:8
 Shoals (4/4) Lair:3        Snake (4/4) Lair:3        Slime (5/5) Lair:6
    Orc (2/2) D:9             Elf (0/3) Orc:2        Vaults (0/5) D:14
 Depths (0/5) D:15

Altars:
Ashenzari
Cheibriados
Dithmenos
Elyvilon
Fedhas
Gozag
Hepliaklqana
Kikubaaqudgha
Makhleb
Nemelex Xobeh
Okawaru
Qazlal
Ru
Sif Muna
Trog
Uskayaw
Wu Jian
Xom
Yredelemnul
Zin
The Shining One
Jiyva

Shops:
D:4 :   D:9 [   Orc:2 :   Snake:2 }

Annotations:
D:8 1 runed door, Amnesiac's ghost, novice TrEE
D:9 3 runed doors, oki's ghost, novice HOFi
Shoals:2 3 runed doors, Zyabb's ghost, journeyman SpVM; mopl's ghost, adept DsEn
Slime:5 Royal Jelly


Innate Abilities, Weirdness & Mutations

You reflexively headbutt those who attack you in melee.
You have a pair of horns on your head.
Your life essence is reduced to manifest your ancestor. (-10% HP)
You do not regenerate when monsters are visible.


Message History

You are no longer corroded.
You fade into invisibility!
The acid blob spits acid at you. The splash of acid hits you!
You are splashed with acid!
The acid burns!
* * * LOW HITPOINT WARNING * * *
You are very lightly contaminated with residual magic.
The great orb of eyes gazes at you. You resist with almost no effort.
The acid blob spits acid at you. The splash of acid hits you!
The acid corrodes you!
You are splashed with acid!
The acid burns!
* * * LOW HITPOINT WARNING * * *
The acid blob spits acid at you.
The splash of acid is repelled.
The acid blob spits acid at you. You block the splash of acid.
The acid blob spits acid at you. The splash of acid hits you!
The acid corrodes you!
You are splashed with acid!
The acid burns!
You die...

.......... ..........
.........# .........##
...........#####
...............# ###
...............##...
...........@<.......
....................
..........J.........
#:##.....................
!($###.......G.JJ........
##?:)###........J.........
#$:$=$###.................
##/"[$ #..................
#[#?% ##.................


You could see the Royal Jelly, 2 acid blobs, a great orb of eyes and a slime
creature.

Vanquished Creatures
  8 acid blobs
  2 krakens (Shoals:4)
  The ghost of beholder the Victor of a Thousand Battles, an adept GnWr of Okawaru (Snake:3)
  An azure jelly (Slime:5)
  7 nagarajas
  Roxanne (Shoals:4)
  Azrael (Snake:3)
  A minotaur (Lab)
  4 merfolk javelineers
  6 merfolk impalers
  An ogre mage (D:14)
  11 naga warriors
  2 ice dragons (D:15)
  3 vault guards (D:14)
  3 hydras
  13 anacondas
  A catoblepas (Lair:6)
  2 merfolk avatars
  2 centaur warriors
  8 two-headed ogres
  2 merfolk aquamancers (Shoals:3)
  3 satyrs
  Erica (Lair:2)
  A tengu warrior (D:15)
  A deep troll shaman (Lair:6)
  3 death yaks (Lair:6)
  13 shock serpents
  Nergalle (Lair:3)
  12 naga sharpshooters
  3 skeletal warriors (D:15)
  A wizard (D:14)
  18 sea snakes
  2 unseen horrors
  A lindwurm (Lair:6)
  A deep elf archer (D:14)
  A glowing orange brain (D:12)
  3 naga ritualists
  2 necromancers (D:14)
  An orc knight (Orc:2)
  6 mana vipers
  19 harpies
  6 ugly things
  A deep elf mage (D:14)
  A shining eye (Slime:3)
  6 orc sorcerers
  7 fauns (Shoals:3)
  Maurice (D:12)
  21 manticores
  5 salamanders
  2 merfolk sirens
  4 cyclopes
  6 guardian serpents
  A spectral shock serpent (Snake:3)
  16 naga magi
  22 black mambas
  11 elephants
  3 eyes of devastation (Slime:5)
  3 gargoyles
  5 water nymphs
  8 spiny frogs
  3 yaktaurs
  5 komodo dragons
  2 freezing wraiths (D:15)
  A rime drake (Lair:5)
  3 tengu conjurers
  4 trolls
  7 wind drakes
  3 polar bears
  2 hornets
  A minotaur skeleton (Lab)
  23 merfolk
  8 snapping turtles
  4 blink frogs (Lair:1)
  22 dream sheep
  46 slime creatures
  10 hippogriffs
  A centaur simulacrum (D:14)
  5 water elementals (Shoals:4)
  4 spectral black mambas (Snake:3)
  A vampire (D:12)
  24 yaks
  A wraith (D:9)
  4 wyverns
  6 fire elementals (Snake:3)
  13 humans (D:14)
  A steam dragon (D:11)
  2 basilisks
  A hungry ghost (D:9)
  4 vampire mosquitoes
  38 nagas
  A soldier ant (D:12)
  5 porcupines
  2 spectral nagas (Snake:3)
  2 hell hounds (Snake:3)
  13 orc warriors
  2 guardian serpent simulacra (Snake:3)
  7 water moccasins
  3 black bears
  8 ice beasts
  3 sky beasts
  3 eyes of draining
  10 ogres
  6 phantoms
  4 boggarts (D:15)
  A necrophage (D:8)
  10 centaurs
  13 wolves
  5 crocodiles
  4 big kobolds
  16 bullfrogs
  A wyvern skeleton (D:11)
  5 scorpions
  A troll zombie (D:9)
  2 naga simulacra (Snake:3)
  4 wights
  8 killer bees
  2 vampire bats (Lair:3)
  6 electric eels
  A howler monkey (D:14)
  6 crimson imps
  2 bullfrog zombies
  22 orc wizards
  A quasit (D:15)
  A hound (D:8)
  13 orc priests
  12 jellies
  A bullfrog skeleton (D:10)
  4 centaur skeletons
  4 iguanas
  14 worker ants
  A killer bee zombie (D:7)
  6 ogre zombies (D:9)
  An ogre skeleton (Lab)
  A hound skeleton (D:8)
  2 howler monkey zombies
  2 howler monkey skeletons
  10 adders
  3 gnolls (D:9)
  2 river rats (D:5)
  5 shadow imps
  9 oozes
  An adder skeleton (D:5)
  5 worms
  5 dart slugs
  9 leopard geckos
  55 orcs
  16 giant cockroaches
  14 goblins
  4 hobgoblins
  18 jackals
  26 kobolds
  3 quokkas
  14 ball pythons
  13 bats
  15 frilled lizards
  A goblin skeleton (D:9)
  2 goblin zombies (D:9)
  3 hobgoblin zombies (D:9)
  2 leopard gecko skeletons
  An orc skeleton (D:9)
  15 orc zombies (D:9)
  A quokka skeleton (D:5)
  9 rats
  A plant (Shoals:3)
  6 tentacles (Shoals:4)
1060 creatures vanquished.

Vanquished Creatures (collateral kills)
  Vashnia (Snake:4)
  A nagaraja (Snake:4)
  An azure jelly (Slime:4)
  3 merfolk impalers
  3 merfolk javelineers
  3 naga warriors
  A merfolk aquamancer (Shoals:4)
  A merfolk avatar (Shoals:3)
  A two-headed ogre (D:10)
  A centaur warrior (D:12)
  A shock serpent (Snake:4)
  A salamander mystic (Snake:2)
  2 sea snakes (Shoals:1)
  A skeletal warrior (D:15)
  2 naga ritualists (Snake:4)
  A mana viper (Snake:2)
  A manticore (Shoals:3)
  A salamander (Snake:2)
  An orc sorcerer (Orc:1)
  3 elephants
  4 black mambas
  A komodo dragon (Lair:6)
  6 merfolk
  A polar bear (Lair:5)
  2 snapping turtles
  4 dream sheep (Lair:5)
  4 slime creatures
  2 hippogriffs
  2 water elementals
  A spriggan (Lair:5)
  3 yaks
  A basilisk (D:8)
  2 humans (D:14)
  2 hungry ghosts
  A warg (Orc:1)
  A vampire mosquito (D:15)
  5 nagas
  5 orc warriors
  A sky beast (D:9)
  A black bear (D:7)
  An ice beast (D:9)
  2 ogres
  A wolf (Lair:4)
  A crocodile (Lair:4)
  A big kobold (D:6)
  2 bullfrogs
  A scorpion (D:7)
  A killer bee (D:8)
  3 wights
  2 electric eels (D:11)
  A hound (D:7)
  A quasit (D:10)
  A jelly (D:9)
  2 orc wizards
  An iguana (D:6)
  An ogre zombie (D:9)
  A gnoll (D:8)
  7 adders
  5 oozes (Sewer)
  A worm (D:4)
  2 leopard geckos (Sewer)
  11 orcs
  6 giant cockroaches (Sewer)
  A jackal (D:7)
  4 kobolds
  2 quokkas (D:7)
  3 ball pythons (Sewer)
  A ball python skeleton (D:4)
  A frilled lizard (Sewer)
  A goblin skeleton (D:9)
  2 orc zombies (D:9)
  2 plants
151 creatures vanquished.

Vanquished Creatures (others)
  A human (D:14)
  3 vampire mosquitoes (D:14)
  A naga (Snake:4)
  An ogre (D:14)
  A howler monkey (D:14)
  42 hexers
  8 fungi
  11 plants
  29 tentacles (Shoals:4)
  2 withered plants (Shoals:2)
99 creatures vanquished.

Grand Total: 1310 creatures vanquished

Notes
Turn   | Place    | Note
-------+----------+-------------------------------------------
     0 | D:1      | Garbasso the Minotaur Monk began the quest for the Orb.
     0 | D:1      | Reached XP level 1. HP: 19/19 MP: 0/0
   205 | D:1      | Reached XP level 2. HP: 27/27 MP: 1/1
   416 | D:1      | Reached skill level 4 in Fighting
   967 | D:1      | Reached XP level 3. HP: 33/33 MP: 2/2
  1022 | D:2      | Reached skill level 5 in Polearms
  1438 | D:2      | Reached XP level 4. HP: 35/41 MP: 3/3
  1484 | D:2      | Found a blossoming altar of Fedhas.
  2666 | D:3      | Reached skill level 1 in Armour
  2827 | D:3      | Reached XP level 5. HP: 46/47 MP: 4/4
  3726 | D:4      | Found a staircase to the Ecumenical Temple.
  3734 | Temple   | Entered the Ecumenical Temple
  3764 | Temple   | Became a worshipper of Hepliaklqana the Forgotten
  3764 | Temple   | Reached * piety under Hepliaklqana
  3764 | Temple   | Reached ** piety under Hepliaklqana
  3816 | D:4      | Reached skill level 5 in Fighting
  3939 | D:4      | Found Caotoog's Book Shop.
  4113 | D:4      | Remembered your ancestor Shatamurrim as a hexer
  4546 | D:5      | Entered Level 5 of the Dungeon
  4556 | D:5      | Reached XP level 6. HP: 45/50 MP: 5/5
  4700 | D:5      | Found a glowing drain.
  4704 | Sewer    | Entered a sewer
  5107 | Sewer    | Reached XP level 7. HP: 54/55 MP: 6/6
  5304 | D:5      | Reached *** piety under Hepliaklqana
  5626 | D:5      | Found a shadowy altar of Dithmenos.
  5793 | D:5      | Found a bloodstained altar of Trog.
  5793 | D:5      | Found an ornate altar of the Wu Jian Council.
  6128 | D:6      | Reached skill level 6 in Fighting
  6128 | D:6      | Reached skill level 5 in Armour
  6663 | D:6      | Reached XP level 8. HP: 63/63 MP: 7/7
  6762 | D:6      | Reached skill level 1 in Shields
  6904 | D:6      | Reached **** piety under Hepliaklqana
  7051 | D:6      | Identified the Volume of the Rocks and Conjuration
  7511 | D:7      | Reached skill level 1 in Invocations
  7656 | D:7      | Reached skill level 7 in Fighting
  7683 | D:7      | Found a runed door.
  7683 | D:7      | Found a runed door.
  7724 | D:7      | Found a basalt altar of Yredelemnul.
  7774 | D:7      | Noticed a hippogriff
  7791 | D:7      | Killed a hippogriff
  7876 | D:7      | Reached skill level 10 in Polearms
  8022 | D:7      | Reached XP level 9. HP: 68/71 MP: 9/9
  8105 | D:7      | Identified the Almanac of Dark Transmutation
  8626 | D:7      | Found a runed door.
  8651 | D:7      | Reached skill level 8 in Fighting
  8860 | D:7      | Noticed a troll
  8874 | D:7      | Killed a troll
  8874 | D:7      | Reached skill level 5 in Shields
  8923 | D:7      | Noticed a cyclops
  8940 | D:7      | Killed a cyclops
  8940 | D:7      | Reached XP level 10. HP: 57/81 MP: 12/12
  9321 | D:8      | Reached skill level 9 in Fighting
  9679 | D:8      | Found a runed door.
  9681 | D:8      | Noticed Amnesiac's ghost (novice TrEE)
  9684 | D:8      | Found a staircase to the Lair.
  9694 | D:8      | Reached skill level 5 in Invocations
  9781 | D:8      | Found a deep blue altar of Sif Muna.
 10267 | Lair:1   | Entered Level 1 of the Lair of Beasts
 10394 | Lair:1   | Noticed a spiny frog
 10402 | Lair:1   | Killed a spiny frog
 10653 | Lair:1   | Noticed a spiny frog
 10665 | Lair:1   | Killed a spiny frog
 10692 | Lair:1   | Noticed a spiny frog
 10705 | Lair:1   | Killed a spiny frog
 10705 | Lair:1   | Reached skill level 10 in Fighting
 10727 | Lair:1   | Reached XP level 11. HP: 71/89 MP: 14/14
 10857 | Lair:1   | Reached ***** piety under Hepliaklqana
 11372 | Lair:2   | Noticed Erica
 11382 | Lair:2   | Killed Erica
 11995 | Lair:2   | Reached skill level 11 in Fighting
 12036 | Lair:2   | Noticed a seven-headed hydra
 12051 | Lair:2   | Killed a seven-headed hydra
 12726 | Lair:2   | Noticed a seven-headed hydra
 12731 | Lair:2   | Killed a seven-headed hydra
 12731 | Lair:2   | Reached skill level 10 in Armour
 13080 | Lair:3   | Noticed Nergalle
 13083 | Lair:3   | Noticed a spectral orc warlord
 13097 | Lair:3   | Killed Nergalle
 13097 | Lair:3   | Reached skill level 12 in Fighting
 13251 | Lair:3   | Found a staircase to the Snake Pit.
 13368 | Lair:3   | Found a staircase to the Shoals.
 13526 | Lair:3   | Reached XP level 12. HP: 95/100 MP: 15/15
 13858 | Lair:4   | Found a sacrificial altar of Ru.
 14620 | Lair:4   | Reached ****** piety under Hepliaklqana
 15277 | Lair:5   | Reached skill level 10 in Shields
 15938 | Lair:5   | Reached skill level 13 in Fighting
 16434 | Lair:6   | Entered Level 6 of the Lair of Beasts
 16711 | Lair:6   | Found a staircase to the Slime Pits.
 16805 | Lair:6   | Reached XP level 13. HP: 100/109 MP: 16/16
 18494 | D:9      | Reached skill level 14 in Fighting
 18516 | D:9      | Found a staircase to the Orcish Mines.
 18901 | D:9      | Found Akaqaq's Antique Armour Boutique.
 19147 | D:9      | Found a runed gate.
 19147 | D:9      | Found a runed gate.
 19147 | D:9      | Found a runed gate.
 19150 | D:9      | Noticed oki's ghost (novice HOFi)
 19484 | Orc:1    | Entered Level 1 of the Orcish Mines
 19495 | Orc:1    | Paralysed by an orc sorcerer for 3 turns
 19761 | Orc:2    | Entered Level 2 of the Orcish Mines
 19874 | Orc:2    | Found a staircase to the Elven Halls.
 20051 | Orc:2    | Found an ancient bone altar of Kikubaaqudgha.
 20052 | Orc:2    | Paralysed by an orc sorcerer for 3 turns
 20117 | Orc:2    | Found Naip's Book Shoppe.
 20126 | Orc:2    | Paralysed by an ogre mage for 2 turns
 20444 | D:10     | Entered Level 10 of the Dungeon
 20487 | D:10     | Found a burning altar of Makhleb.
 21270 | D:11     | Reached XP level 14. HP: 119/119 MP: 17/17
 22253 | D:12     | Got a polished buckler
 22264 | D:12     | Identified the +3 buckler "Niklank" {MR+ Int+4 Dex+2} (You
                  | found it on level 12 of the Dungeon)
 22371 | D:12     | Found a transporter.
 22373 | D:12     | Found a transporter.
 22509 | D:12     | Noticed Maurice
 22518 | D:12     | Killed Maurice
 22862 | D:12     | Got a translucent lead ring
 22864 | D:12     | Identified the ring "Baecaelo" {Wiz rElec} (You found it on
                  | level 12 of the Dungeon)
 22978 | D:13     | Reached skill level 15 in Shields
 23013 | D:13     | Reached skill level 15 in Fighting
 23306 | D:13     | Found a blossoming altar of Fedhas.
 23685 | D:14     | Reached skill level 5 in Dodging
 23748 | D:14     | Found a gate to the Vaults.
 23851 | D:14     | Found a labyrinth entrance.
 23857 | Lab      | Entered a labyrinth
 24489 | D:14     | Reached XP level 15. HP: 123/128 MP: 19/19
 24709 | D:15     | Entered Level 15 of the Dungeon
 25234 | D:15     | Found a staircase to the Depths.
 25352 | D:15     | Reached skill level 16 in Fighting
 25790 | Shoals:1 | Entered Level 1 of the Shoals
 25798 | Shoals:1 | Reached skill level 15 in Armour
 26987 | Shoals:2 | Found a runed gate.
 26987 | Shoals:2 | Found a runed gate.
 26987 | Shoals:2 | Found a runed gate.
 26987 | Shoals:2 | Noticed Zyabb's ghost (journeyman SpVM)
 26988 | Shoals:2 | Noticed mopl's ghost (adept DsEn)
 28430 | Shoals:3 | Reached XP level 16. HP: 119/138 MP: 22/22
 28732 | Shoals:4 | Entered Level 4 of the Shoals
 28808 | Shoals:4 | Reached skill level 17 in Fighting
 28890 | Shoals:4 | Reached skill level 10 in Invocations
 29034 | Shoals:4 | Noticed a kraken
 29077 | Shoals:4 | Found the +11 plutonium sword {*Contam Stlth-}
 29237 | Shoals:4 | Noticed a kraken
 29261 | Shoals:4 | Killed a kraken
 29261 | Shoals:4 | Reached skill level 10 in Dodging
 29664 | Shoals:4 | Killed a kraken
 29717 | Shoals:4 | Got a barnacled rune of Zot
 29766 | Shoals:4 | Noticed Roxanne
 29806 | Shoals:4 | Killed Roxanne
 30851 | Snake:1  | Entered Level 1 of the Snake Pit
 30932 | Snake:1  | Reached skill level 18 in Fighting
 31590 | Snake:1  | Identified a scroll of acquirement
 31591 | Snake:1  | Got a twisted plate armour
 31602 | Snake:1  | Identified the +0 plate armour of Jyrgh {Int+2} (You
                  | acquired it on level 1 of the Snake Pit)
 32224 | Snake:2  | Reached XP level 17. HP: 146/148 MP: 23/23
 32354 | Snake:2  | Found Neuhec's Gadget Shop.
 32772 | Snake:2  | Found the +9 staff of Olgreb {rPois}
 33219 | Snake:3  | Noticed Azrael
 33233 | Snake:3  | Killed Azrael
 33454 | Snake:3  | Found a runed gate.
 33455 | Snake:3  | Found a runed gate.
 33456 | Snake:3  | Found a runed gate.
 33473 | Snake:3  | Noticed beholder's ghost (adept GnWr)
 33747 | Snake:3  | Killed beholder's ghost
 33790 | Snake:3  | Got a pair of fine gloves
 33801 | Snake:3  | Identified the +2 pair of gloves of Ikein {+Blink MR+
                  | Stlth+} (You found it on level 3 of the Snake Pit)
 33821 | Snake:4  | Entered Level 4 of the Snake Pit
 34110 | Snake:4  | Reached skill level 1 in Evocations
 34245 | Snake:4  | Reached skill level 19 in Fighting
 35257 | Snake:4  | Noticed Vashnia
 35697 | Snake:4  | Killed Vashnia
 35707 | Snake:4  | Reached XP level 18. HP: 142/158 MP: 24/24
 36567 | Snake:4  | Reached skill level 5 in Evocations
 36811 | Snake:4  | Got a serpentine rune of Zot
 37050 | Slime:1  | Entered Level 1 of the Pits of Slime
 37214 | Slime:3  | Gained mutation: You do not regenerate when monsters are
                  | visible. [a shining eye]
 37578 | Slime:5  | Entered Level 5 of the Pits of Slime
 37872 | Slime:5  | Found a viscous altar of Jiyva.
 37872 | Slime:5  | Noticed the Royal Jelly
 37892 | Slime:5  | Reached skill level 20 in Fighting
 37932 | Slime:5  | HP: 4/160 [acid (14)]
 37938 | Slime:5  | HP: 2/160 [acid (14)]
 37940 | Slime:5  | Splashed by an acid blob's acid

Vault maps used:
D:1:      minmay_arrival_widening_spiral_narrow
D:2:      kennysheep_six_static_rooms, old_standard_altar,
          hangedman_abyss_or_decor_stabs
D:4:      minmay_temple_entry_statues_fountains, serial_shops, shop,
          minmay_fountain_box
D:5:      gammafunk_temple_overflow_pools, grunt_dithmenos_smoke_and_mirrors,
          first_ration, gup_sewer_entry_spiral
D:7:      minmay_the_grid_triangle_9x9_rhombus_full,
          lemuel_coloured_pillars_altar
D:8:      nicolae_overflow_crystal_walls, david_lair_generic,
          ebering_ghost_reflecting_pool
D:9:      zombieorc2_lemuel, gammafunk_ghost_spectres, serial_shops,
          kennysheep_mini_moat
D:10:     basic_altar
D:12:     gammafunk_jiyva_shrine, uniq_maurice
D:13:     grunt_tengu_nest, fedhas_altar_1
D:14:     grunt_vaults_entry_tiered, serial_park, lab_entry_generic,
          lemuel_flamethrower_2
D:15:     grunt_enter_depths_hoard, serial_bayou_pond_d
Temple:   lightli_temple_of_artemis
Lair:1:   infiniplex_staircase_pool, grunt_megastairs_4
Lair:2:   cheibrodos_lair_river_kwai, lemuel_fruit_tree, uniq_erica
Lair:3:   shoals_dummy_entry, guppyfry_snake_entry_island, roderic_batcave,
          lemuel_fruit_fields, uniq_nergalle
Lair:4:   nicolae_volcano_entry_s_turn, basic_altar
Lair:5:   st_stairs_8, minivault_25, forest_entry_grove, serial_bayou_shore_a
Lair:6:   grunt_lair_end_beastmaster, nicolae_slime_entry_slimehenge,
          grunt_megastairs_2, infiniplex_staircase_pool_2
Shoals:1: nicolae_shoals_stone_sculpture_thing
Shoals:2: argonaut_golden_fleece, gammafunk_ghost_cemetery, overgrown_hall
Shoals:3: ldierk_geyser, st_sunken_temple
Shoals:4: shoals_end_hangedman, uniq_roxanne
Snake:1:  st_stairs_12, nicolae_snake_salamander_stairs
Snake:2:  serial_shops, nicolae_shop_waterfront, st_stairs_3,
          basic_loot_grate_trap, serial_bayou_crossing
Snake:3:  gammafunk_ghost_necromancy, uniq_azrael
Snake:4:  grunt_snake_rune_pools, uniq_vashnia
Orc:1:    gammafunk_ghost_stat_death
Orc:2:    kennysheep_orc_mage_school, portal_ice_cave_entry_ice_beasts,
          basic_altar
Lab:      labyrinth_mini_lab, lab_fountain, labyrinth_skeletal_remains
Sewer:    sewer_frog_island_02

Skill      XL: |  1  2  3  4  5  6  7  8  9 10 11 12 13 14 15 16 17 18 |
---------------+-------------------------------------------------------+-----
Polearms       | 4 5 6 7 8 10 11 13 14 | 14.0
Fighting       | 4 5 6 7 8 10 12 13 14 15 16 18 19 20 | 20.0
Armour         | 1 2 4 6 7 10 11 13 14 15 17 18 19 | 19.3
Shields        | 3 5 6 7 11 14 15 | 15.0
Invocations    | 2 4 6 7 9 10 | 10.0
Dodging        | 6 9 11 13 14 | 14.2
Evocations     | 3 6 |  6.4
Stealth        | |  1.5

Action                   |  1- 3 |  4- 6 |  7- 9 | 10-12 | 13-15 | 16-18 || total
-------------------------+-------+-------+-------+-------+-------+-------++-------
Melee: Spear             |   114 |   338 |   170 |       |       |       ||   622
       Headbutt          |    13 |    47 |    79 |   158 |   293 |   302 ||   892
       Trident           |       |       |   284 |   761 |   658 |       ||  1703
       Demon trident     |       |       |       |       |  1017 |  1748 ||  2765
 Fire: Blowgun           |       |    19 |    16 |    54 |     2 |       ||    91
Throw: Throwing net      |       |       |       |       |       |     1 ||     1
Invok: Ancestor Life: He |       |     1 |       |       |       |       ||     1
       Recall Ancestor   |       |       |       |     4 |     3 |     5 ||    12
       Transference      |       |       |       |       |     3 |     2 ||     5
       Idealise          |       |       |       |       |     2 |     3 ||     5
 Abil: Evoke Blink       |       |       |       |       |       |     2 ||     2
Evoke: Wand              |       |       |     2 |     5 |    12 |     8 ||    27
  Use: Scroll            |       |       |    15 |     7 |    18 |     4 ||    44
       Potion            |       |       |     1 |     1 |       |     8 ||    10
 Stab: Sleeping          |     5 |     1 |       |       |       |       ||     6
       Distracted        |       |     2 |     3 |     9 |    26 |    14 ||    54
       Confused          |       |     2 |     6 |     6 |    17 |    11 ||    42
       Petrified         |       |       |       |       |     5 |       ||     5
       Paralysed         |       |       |       |       |     8 |    35 ||    43
       Held in net/web   |       |       |       |       |       |     1 ||     1
  Eat: Chunk             |     2 |    12 |    19 |    22 |    29 |    10 ||    94
       Ration            |       |       |       |     1 |     3 |     7 ||    11
Armor: Robe              |    17 |     9 |       |       |       |       ||    26
       Crystal plate arm |       |   107 |   199 |   302 |   375 |   417 ||  1400
Dodge: Dodged            |    60 |    27 |    76 |   149 |   320 |   499 ||  1131
       Deflected         |       |       |     4 |     2 |    23 |    71 ||   100
Block: Buckler           |       |    28 |    61 |    44 |       |       ||   133
       Shield            |       |       |       |   180 |   830 |  1102 ||  2112

Table legend:
 A = Non-vault XP
 B = Vault XP
 C = Vault XP percentage of total XP
 D = Non-vault monster count
 E = Vault monster count
 F = Vault count percentage of total count
                 A         B        C        D         E       F
            +---------+---------+-------+---------+---------+-------
      Total |  217777 |  136408 |  38.5 |     822 |     382 |  31.7
            +---------+---------+-------+---------+---------+-------
        D:1 |      42 |       0 |   0.0 |      24 |       0 |   0.0
        D:2 |      82 |       9 |   9.9 |      28 |       6 |  17.6
        D:3 |      77 |       0 |   0.0 |      21 |       0 |   0.0
        D:4 |     156 |       0 |   0.0 |      18 |       0 |   0.0
        D:5 |     184 |      38 |  17.1 |       8 |       7 |  46.7
        D:6 |     791 |       0 |   0.0 |      29 |       0 |   0.0
        D:7 |    1491 |    2717 |  64.6 |      46 |      30 |  39.5
        D:8 |    1628 |     742 |  31.3 |      36 |       4 |  10.0
        D:9 |    2566 |     713 |  21.7 |      27 |      36 |  57.1
       D:10 |    2037 |       0 |   0.0 |      20 |       0 |   0.0
       D:11 |    4603 |       0 |   0.0 |      26 |       0 |   0.0
       D:12 |    6719 |    1159 |  14.7 |      40 |       2 |   4.8
       D:13 |    5761 |     316 |   5.2 |      27 |       1 |   3.6
       D:14 |   10357 |    9217 |  47.1 |      26 |      25 |  49.0
       D:15 |    9471 |    1974 |  17.2 |      28 |       2 |   6.7
     Lair:1 |    4331 |     586 |  11.9 |      18 |       3 |  14.3
     Lair:2 |    3414 |    2982 |  46.6 |      15 |       7 |  31.8
     Lair:3 |    2766 |    1085 |  28.2 |       8 |      10 |  55.6
     Lair:4 |    4755 |       0 |   0.0 |      26 |       0 |   0.0
     Lair:5 |    4969 |    1393 |  21.9 |      22 |       8 |  26.7
     Lair:6 |    6997 |    9126 |  56.6 |      23 |      26 |  53.1
   Shoals:1 |   14401 |       0 |   0.0 |      28 |       0 |   0.0
   Shoals:2 |    3186 |     556 |  14.9 |       9 |       1 |  10.0
   Shoals:3 |   19499 |    6723 |  25.6 |      38 |       8 |  17.4
   Shoals:4 |   20914 |   21260 |  50.4 |      42 |      31 |  42.5
    Snake:1 |   13000 |    1304 |   9.1 |      24 |       2 |   7.7
    Snake:2 |   16106 |    2239 |  12.2 |      27 |       2 |   6.9
    Snake:3 |    6954 |    7131 |  50.6 |      12 |      21 |  63.6
    Snake:4 |   27110 |   44721 |  62.3 |      49 |      64 |  56.6
    Slime:1 |    3941 |       0 |   0.0 |       7 |       0 |   0.0
    Slime:3 |     831 |       0 |   0.0 |       2 |       0 |   0.0
    Slime:4 |    8667 |       0 |   0.0 |      19 |       0 |   0.0
    Slime:5 |    5862 |   15068 |  72.0 |      20 |       7 |  25.9
      Orc:1 |    1594 |       0 |   0.0 |      13 |       0 |   0.0
      Orc:2 |    2515 |    3421 |  57.6 |      16 |      17 |  51.5
        Lab |       0 |    1540 | 100.0 |       0 |       3 | 100.0
      Sewer |       0 |     388 | 100.0 |       0 |      59 | 100.0
            +---------+---------+-------+---------+---------+-------
